 Dungeon Crawl Stone Soup version 0.23.2 (webtiles) character file.

Game seed: 970240002628705036

113 Menchi the Skirmisher (level 4, -6/41 HPs)
             Began as a Ghoul Fighter on Apr 7, 2019.
             Mangled by a worm (8 damage)
             ... on level 2 of the Dungeon.
             The game lasted 00:02:19 (839 turns).

Menchi the Skirmisher (Ghoul Fighter)                Turns: 839, Time: 00:02:20

Health: -6/41      AC:  6    Str: 19    XL:     4   Next: 96%
Magic:  12/12      EV:  7    Int:  4    God:
Gold:   97         SH:  0    Dex:  8    Spells: 3/3 levels left

rFire    + . .     SeeInvis .   a - +0 trident
rCold    + . .     Gourm    .   (no shield)
rNeg     + + +     Faith    .   k - +1 ring mail {rF+}
rPois    ∞         Spirit   .   (no helmet)
rElec    .         Reflect  .   (no cloak)
rCorr    .         Harm     .   (no gloves)
MR       .....                  (no boots)
Stlth    ..........             (no amulet)
HPRegen  0.00/turn              h - ring of magical power
MPRegen  0.13/turn              (no ring)

@: rotting, slowed, constricted, very slow
A: rotting body, claws 1, carnivore, cold resistance 1, negative energy
resistance 3, inhibited regeneration, torment resistance, unbreathing
a: no special abilities


You were on level 2 of the Dungeon.
You were not hungry.

You visited 1 branch of the dungeon, and saw 2 of its levels.

You collected 97 gold pieces.

Inventory:

Hand Weapons
 a - a +0 trident (weapon)
Armour
 b - a +0 scale mail
 k - a +1 ring mail of fire resistance (worn)
 m - a cursed +0 large shield
Jewellery
 g - an uncursed ring of poison resistance {unknown}
 h - a ring of magical power (left claw)
Scrolls
 c - 3 scrolls of identify {unknown}
 e - 2 scrolls of remove curse {unknown}
 i - 3 scrolls of enchant weapon {unknown}
 j - a scroll of fog {unknown}
Potions
 l - 2 potions of curing {unknown}
Comestibles
 d - 2 chunks of flesh
 f - 4 rations


   Skills:
 * Level 4.6 Fighting
 * Level 3.3 Polearms
 - Level 2.7 Armour
 + Level 0.7 Dodging
 + Level 2.7 Shields


You had 3 spell levels left.
You didn't know any spells.
Your spell library was empty.

Dungeon Overview and Level Annotations

Branches:
Dungeon (2/15)

Altars:
Cheibriados
Xom


Innate Abilities, Weirdness & Mutations

Your body is rotting away.
You thrive on raw meat.
You are immune to poison.
You have sharp fingernails.
You are carnivorous and can eat meat at any time.
Your flesh is cold resistant. (rC+)
You are immune to negative energy. (rN+++)
You do not regenerate when monsters are visible.
You are immune to unholy pain and torment.
You can survive without breathing.


Message History

Eat one of 3 chunks of flesh? (ye/n/q)
You eat one of the 3 chunks of flesh.
You feel more resilient.
This raw flesh tastes great!
The ball python barely misses you. The ball python constricts you.
The worm bites you!
* * * LOW HITPOINT WARNING * * *
The ball python bites you.
* * * LOW HITPOINT WARNING * * *
x2 The ball python constricts you.
You puncture the worm!
The worm is severely wounded.
The ball python bites you.
* * * LOW HITPOINT WARNING * * *
The ball python constricts you. The worm closely misses you.
The ball python barely misses you. The ball python constricts you.
You completely miss the worm.
The worm is severely wounded.
You feel a little less mighty now.
The ball python bites you but does no damage.
The ball python constricts you. The worm bites you!
You die...

#.###.# ## # ##
####.##.# . ( #%
##.###.##.#
#.##.###.##.##.##.#.# .#
#.#.#.#.#.#.#.#.#)#.#
#..#..#..#..#..#..#..(.#
#...#...#...#...#...###
#.S..#....#....#..#
#@....#..÷..#...#
#...w%.#......#.....#
.....#.......#.......##
......................#
...........###..#######
#.#######... ..## #
#..##### #..#


You could see a worm and a ball python.

Vanquished Creatures
  A scorpion (D:2)
  Natasha (D:2)
  An adder (D:2)
  A dart slug (D:1)
  2 leopard geckos (D:1)
  A giant cockroach (D:2)
  4 goblins
  2 hobgoblins (D:1)
  3 jackals (D:1)
  A quokka (D:2)
  5 bats
  A frilled lizard (D:2)
  A kobold (D:1)
  2 rats (D:1)
26 creatures vanquished.

Notes
Turn   | Place    | Note
-------+----------+-------------------------------------------
     0 | D:1      | Menchi the Ghoul Fighter began the quest for the Orb.
     0 | D:1      | Reached XP level 1. HP: 19/19 MP: 0/0
   136 | D:1      | Found a shimmering altar of Xom.
   139 | D:1      | Found a hazy altar of Hepliaklqana.
   139 | D:1      | Found a shimmering altar of Xom.
   141 | D:1      | Found a hide-covered altar of Uskayaw.
   141 | D:1      | Found a white marble altar of Elyvilon.
   141 | D:1      | Found a snail-covered altar of Cheibriados.
   281 | D:1      | Reached XP level 2. HP: 27/27 MP: 1/1
   405 | D:1      | Reached skill level 4 in Fighting
   674 | D:2      | Reached XP level 3. HP: 33/33 MP: 2/2
   794 | D:2      | Noticed a scorpion
   805 | D:2      | Killed a scorpion
   805 | D:2      | Reached XP level 4. HP: 22/40 MP: 3/3
   830 | D:2      | Noticed Natasha
   835 | D:2      | Killed Natasha
   838 | D:2      | HP: 2/41 [ball python (1)]
   839 | D:2      | Mangled by a worm

Skill      XL: |  1  2  3 |
---------------+----------+-----
Polearms       | 2 3 |  3.3
Fighting       | 4 |  4.6
Armour         | |  2.7
Dodging        | |  0.7
Shields        | |  2.7

Action                   |  1- 3 |  4- 6 || total
-------------------------+-------+-------++-------
Melee: Trident           |    98 |    10 ||   108
  Use: Potion            |     2 |       ||     2
  Eat: Chunk             |     2 |     1 ||     3
Armor: Scale mail        |    32 |       ||    32
       Ring mail         |    20 |     5 ||    25
Dodge: Dodged            |    72 |     8 ||    80
